 Dungeon Crawl Stone Soup version 0.31-a0-1611-g890cdf5 (webtiles) character file.

Game seed: 15627860819651254068

35 PidgeyThePirate the Trooper (level 3, -3/29 HPs)
             Began as a Demonspawn Chaos Knight on Jan 8, 2024.
             Was a Plaything of Xom.
             Slain by a gnoll
             ... wielding a +0 flail
              (6 damage)
             ... on level 2 of the Dungeon.
             The game lasted 00:02:38 (929 turns).

PidgeyThePirate the Trooper (DsCK)                   Turns: 929, Time: 00:02:38

Health: -3/29      AC:  6    Str: 14    XL:     3   Next: 16%
Magic:  3/3        EV: 10    Int: 12    God:    Xom [..*...]
Gold:   24         SH:  0    Dex: 12    Spells: 2/2 levels left

rFire   . .          .
                       - Unarmed
rCold   + . .        (no shield)
rNeg    . . .        d - +0 ring mail {rC+}
rPois   .            (helmet currently unavailable)
rElec   .            (cloak currently unavailable)
rCorr   .            (gloves currently unavailable)
SInv    .            (boots currently unavailable)
Will    .....        (no amulet)
Stlth   +            (no ring)
HPRegen 0.24/turn    (no ring)
MPRegen 0.08/turn

%: no passive effects
@: beast-form
A: beast (slay +0), rugged brown scales 1, weakness stinger 1
a: Begin Untransformation, Renounce Religion


You were on level 2 of the Dungeon.
You worshipped Xom.
You were a toy of Xom.
You were a hulking beast.
You visited 1 branch of the dungeon, and saw 2 of its levels.

You collected 24 gold pieces.

Inventory:

Hand Weapons
 n - the +5 rapier of Fear {freeze, +Blink rElec}
   (You found it on level 2 of the Dungeon)

   rElec:     It insulates you from electricity.
   +Blink:    It lets you blink.
Armour
 a - a +2 leather armour
 d - a +0 ring mail of cold resistance (worn)
 l - a +0 cloak
Talismans
 j - a beast talisman (active)
Scrolls
 b - a scroll of butterflies
 c - a scroll of identify {unknown}
 f - a scroll of teleportation {unknown}
 k - a scroll of enchant weapon {unknown}
 m - a scroll of torment {unknown}
 o - a scroll of immolation {unknown}
Potions
 e - a potion of magic {unknown}
 g - 3 potions of curing {unknown}
 h - a potion of invisibility {unknown}
 i - a potion of berserk rage {unknown}


   Skills:
 + Level 3.3 Fighting
 + Level 2.1 Armour
 + Level 1.2 Dodging
 * Level 3.2 Unarmed Combat
 * Level 0.1 Shapeshifting


You had 2 spell levels left.
You didn't know any spells.
Your spell library was empty.

Dungeon Overview and Level Annotations

Branches:
Dungeon (2/15)

Altars:

Shops:
D:1 :(*


Innate Abilities, Weirdness & Mutations

You are a hulking beast.
Your limbs bulge with bestial killing power. (Slay +0)
You are partially covered in rugged brown scales. (AC +1, +3% HP)
You have a small tail.


Message History

The kobold hits you but does no damage.
You hit the kobold. You tail-slap the kobold.
You kill the kobold!
Things that are here:
a +0 dagger; 5 stones; a kobold corpse
Found a stone staircase leading down.
o - a scroll labelled TUEPOI NOUTRUFU
Found a stone staircase leading up.
Found 3 stones.
You see here 3 stones.
A gnoll comes into view. It is wielding a +0 flail.
The gnoll shouts!
You hear a shout!
The gnoll moves out of view.
A gnoll is nearby!
A gnoll is nearby!
The gnoll hits you with a +0 flail. The gnoll hits you with a +0 flail!
You closely miss the gnoll.
Your tail-slap misses the gnoll.
The gnoll hits you with a +0 flail.
You hit the gnoll but do no damage. The gnoll hits you but does no damage.
You hit the gnoll.
The gnoll is moderately wounded.
You hit the gnoll but do no damage.
The gnoll is moderately wounded.
The gnoll hits you with a +0 flail!
* * * LOW HITPOINT WARNING * * *
You hit the gnoll.
The gnoll is moderately wounded.
The gnoll hits you with a +0 flail.
* * * LOW HITPOINT WARNING * * *
You hit the gnoll.
The gnoll is heavily wounded.
The gnoll closely misses you.
You hit the gnoll.
The gnoll is almost dead.
The gnoll barely misses you.
You hit the gnoll but do no damage.
The gnoll is almost dead.
The gnoll hits you with a +0 flail.
You die...

#.##>..#
#####.##.)<#
#......#<)†# ###
######...)..#.#.#
...
#....#......#.#.#
#..#....#......#.#..
#.#....#####.##.####
#......# #.##.#
###gh### #.##.
##...# #.### ##
###.#####.#####.##
#...............
##.####.###.#.#.
#.####.......#.
#(...#..#.#....
#.##....#...###
#.....#....##


You could see a gnoll.

Vanquished Creatures
  A gnoll (D:1)
  A ribbon worm (D:2)
  A ball python (D:1)
  2 endoplasms (D:1)
  2 giant cockroaches (D:1)
  4 goblins
  2 quokkas (D:1)
  2 frilled lizards
  5 kobolds
  A rat (D:1)
21 creatures vanquished.

Notes
Turn   | Place    | Note
-------+----------+-------------------------------------------
     0 | D:1      | PidgeyThePirate the Demonspawn Chaos Knight began the quest
                  | for the Orb.
     0 | D:1      | Reached XP level 1. HP: 18/18 MP: 1/1
   128 | D:1      | XOM: silly message
   141 | D:1      | Found Suiklex's Antique Weapon Shop.
   145 | D:1      | XOM: potion effect (might)
   198 | D:1      | Reached skill level 1 in Dodging
   245 | D:1      | Gained mutation: You are partially covered in rugged brown
                  | scales. (AC +1, +3% HP) [demonic ancestry]
   245 | D:1      | Reached XP level 2. HP: 16/24 MP: 2/2
   348 | D:1      | Found Mianytz's Book Shop.
   388 | D:1      | XOM: potion effect (heal wounds)
   441 | D:1      | XOM: silly message
   514 | D:1      | Found Seyxzuz's General Store.
   564 | D:1      | XOM: silly message
   710 | D:2      | Gained mutation: You have a small tail. [demonic ancestry]
   710 | D:2      | Reached XP level 3. HP: 29/29 MP: 3/3
   754 | D:2      | Identified the +5 rapier of Fear {freeze, +Blink rElec}
   929 | D:2      | Slain by a gnoll

Illustrated notes

Levels and vault maps discovered:
D:1:      lightli_arrival_quake, layout_loops_ring, serial_shops, shop,
          nicolae_shop_waterfront, shop
D:2:      layout_basic

Skill      XL: |  1  2 |
---------------+-------+-----
Armour         | 2 |  2.1
Dodging        | 1 |  1.2
Unarmed Combat | 3 |  3.2
Fighting       | |  3.3
Shapeshifting  | |  0.1

Action                     || total
---------------------------++-------
  Melee: Unarmed           ||    88
         Tailslap          ||     3
 Armour: Ring mail         ||    48
         Leather armour    ||     4
  Dodge: Dodged            ||    50
   Form: Beast             ||     1

Table legend: (Time is in decaauts)
 A = Elapsed time spent in this place.
 B = Non-inter-level travel time spent in this place.
 C = Inter-level travel time spent in this place.
 D = Time resting spent in this place.
 E = Time spent auto-exploring this place.
 F = Levels seen in this place.
 G = Mean time per level.
                   A        B        C        D        E       F      G
               +--------+--------+--------+--------+--------+-----+--------+
         Total |    924 |    892 |     32 |      0 |    621 |   2 |  462.0 |
       Dungeon |    924 |    892 |     32 |      0 |    621 |   2 |  462.0 |
               +--------+--------+--------+--------+--------+-----+--------+

Top non-repeatable levels by time:
     D:1: 701 daAuts
     D:2: 223 daAuts
